 Dungeon Crawl Stone Soup version 0.28-a0-1382-g92835e5c71 (webtiles) character file.

Game seed: 18150928116591465040

79 YayAnonymity the Shooter (level 4, 0/34 HPs)
             Began as a Demonspawn Hunter on Jan 2, 2022.
             Was an Initiate of Ashenzari.
             Slain by a gnoll (2 damage)
             ... on level 4 of the Dungeon.
             The game lasted 00:04:38 (2023 turns).

YayAnonymity the Shooter (Demonspawn Hunter)        Turns: 2023, Time: 00:04:39

Health: 0/34       AC:  5    Str: 14    XL:     4   Next: 17%
Magic:  4/4        EV: 12    Int: 13    God:    Ashenzari [......]
Gold:   53         SH:  0    Dex: 13    Spells: 3/3 levels left

rFire   . . .      SeeInvis .   b - +0 short sword
rCold   . . .      Faith    .   (no shield)
rNeg    . . .      Spirit   .   c - +0 leather armour
rPois   .          Reflect  .   (no helmet)
rElec   .          Harm     .   (no cloak)
rCorr   .          Rampage  .   (no gloves)
Will    .....                   (no boots)
Stlth   +.........              (no amulet)
HPRegen 0.11/turn               (no ring)
MPRegen 0.09/turn               (no ring)

@: no status effects
A: rugged brown scales 2
a: Renounce Religion


You were on level 4 of the Dungeon.
You worshipped Ashenzari.
Ashenzari was noncommittal.
You visited 2 branches of the dungeon, and saw 4 of its levels.

You collected 53 gold pieces.

Inventory:

Hand Weapons
 a - a +1 shortbow
 b - a +0 short sword (weapon)
Missiles
 d - 8 arrows
 g - 9 poisoned darts (quivered)
Armour
 c - a +0 leather armour (worn)
Scrolls
 e - a scroll of fog {unknown}
 f - 3 scrolls of identify {unknown}
 h - 2 scrolls of noise {unknown}
Potions
 i - a potion of might {unknown}


   Skills:
 - Level 2.0 Fighting
 * Level 4.7 Bows
 + Level 2.7 Dodging
 - Level 0.8 Stealth


You had 3 spell levels left.
You didn't know any spells.
Your spell library contained the following spells:

 Spells                   Type           Power      Damage    Failure   Level
 Beastly Appendage        Tmut           0%         N/A       36%         1
 Wereblood                Tmut           0%         N/A       52%         2
 Call Canine Familiar     Summ           0%         N/A       75%         3
 Portal Projectile        Hex/Tloc       0%         N/A       75%         3
 Spider Form              Tmut/Pois      0%         N/A       75%         3
 Leda's Liquefaction      Hex/Erth       0%         N/A       98%         4


Dungeon Overview and Level Annotations

Branches:
Dungeon (4/15)             Temple (1/1) D:4

Altars:
Ashenzari
Dithmenos
Elyvilon
Fedhas
Hepliaklqana
Kikubaaqudgha
Makhleb
Qazlal
Ru
Sif Muna


Innate Abilities, Weirdness & Mutations

You are mostly covered in rugged brown scales. (AC +2, +5% HP)


Message History

Found a hazy altar of Hepliaklqana and an ancient bone altar of Kikubaaqudgha.
Found a shadowy altar of Dithmenos and a sacrificial altar of Ru.
There is a broken altar of Ashenzari here.
There is a broken altar of Ashenzari here.
You kneel at the altar of Ashenzari.
Ashenzari welcomes you!
Ashenzari warns you of distant threats and treasures.
Ashenzari reveals the structure of the dungeon to you.
Ashenzari shows you where magical portals lie.
There is a blossoming altar of Fedhas here.
There is an open gate here.
You enter the shallow water.
Moving in this stuff is going to be slow.
You enter the shallow water.
Moving in this stuff is going to be slow.
You enter the shallow water.
Moving in this stuff is going to be slow.
You enter the shallow water.
Moving in this stuff is going to be slow.
You enter the shallow water.
Moving in this stuff is going to be slow.
You enter the shallow water.
Moving in this stuff is going to be slow.
You enter the shallow water.
Moving in this stuff is going to be slow.
You enter the shallow water.
Moving in this stuff is going to be slow.
You enter the shallow water.
Moving in this stuff is going to be slow.
You enter the shallow water.
Moving in this stuff is going to be slow.
You enter the shallow water.
Moving in this stuff is going to be slow.
Key pressed, stopping explore.
There is a staircase back to the Dungeon here.
You climb upwards.
Welcome back to the Dungeon!
The gnoll hits you with a +0 club. The gnoll hits you with a +0 whip.
The ogre hits you with a +0 giant club!!
Ouch! That really hurt!
* * * LOW HITPOINT WARNING * * *
The gnoll hits you with a +0 club.
You die...

##...###.##
..........######.#
#..#...#........#
##.8.##...#### #..g..##..#
#.##..#.#..##.#
#....##g##.g..#
##...##g.O##...#
#..8...g@....8.######
#....##.(g##........#
#.....##.##....####.#
######..## #.#..##.###
####........## ....##....#
.....######..##.8.##..##.#
# .#####
##..#...#..###.##.# .####
#.................# ....#
##.....#######.####


You could see an ogre, a gnoll sergeant and 4 gnolls.

Vanquished Creatures
  A hound skeleton (D:4)
  4 adders
  A worm (D:2)
  A dart slug (D:2)
  A bat (D:1)
  4 endoplasms
  A giant cockroach (D:1)
  A goblin (D:1)
  A hobgoblin (D:1)
  3 quokkas
  2 ball pythons (D:1)
  2 frilled lizards
  3 kobolds
  3 rats
28 creatures vanquished.

Notes
Turn   | Place    | Note
-------+----------+-------------------------------------------
     0 | D:1      | YayAnonymity the Demonspawn Hunter began the quest for the
                  | Orb.
     0 | D:1      | Reached XP level 1. HP: 16/16 MP: 1/1
   275 | D:1      | Gained mutation: You are partially covered in rugged brown
                  | scales. (AC +1, +3% HP) [demonic ancestry]
   275 | D:1      | Reached XP level 2. HP: 16/22 MP: 2/2
   475 | D:1      | Reached skill level 4 in Bows
   815 | D:1      | Gained mutation: You are mostly covered in rugged brown
                  | scales. (AC +2, +5% HP) [demonic ancestry]
   815 | D:1      | Reached XP level 3. HP: 14/28 MP: 3/3
  1256 | D:2      | You fall into a shaft and drop 2 floors!
  1457 | D:4      | Reached XP level 4. HP: 31/34 MP: 4/4
  1563 | D:4      | Noticed an ogre
  1567 | D:4      | Noticed a gnoll sergeant
  1602 | D:4      | Found a staircase to the Ecumenical Temple.
  1619 | Temple   | Entered the Ecumenical Temple
  1848 | Temple   | Became a worshipper of Ashenzari the Shackled
  2023 | D:4      | Slain by a gnoll

Illustrated notes

Levels and vault maps discovered:
D:1:      heliophobic_arrival_ceremonial_halls, layout_loops_cross
D:2:      layout_basic, basic_altar, ebering_ecumenical_altar_sacrificial,
          minmay_nonomino_d4
D:4:      layout_loops_corners, mainiacjoe_overflow_six_doors_small,
          minmay_temple_entry_waves
Temple:   jpeg_temple_island

Skill      XL: |  1  2 |
---------------+-------+-----
Dodging        | 2 |  2.7
Bows           | 4 |  4.7
Fighting       | |  2.0
Stealth        | |  0.8

Action                   |  1- 3 |  4- 6 || total
-------------------------+-------+-------++-------
Melee: Short sword       |    52 |     9 ||    61
 Fire: Shortbow          |    50 |       ||    50
 Stab: Sleeping          |     1 |       ||     1
Armor: Leather armour    |    21 |     5 ||    26
Dodge: Dodged            |    37 |    10 ||    47

Table legend: (Time is in decaauts)
 A = Elapsed time spent in this place.
 B = Non-inter-level travel time spent in this place.
 C = Inter-level travel time spent in this place.
 D = Time resting spent in this place.
 E = Time spent auto-exploring this place.
 F = Levels seen in this place.
 G = Mean time per level.
                   A        B        C        D        E       F      G
               +--------+--------+--------+--------+--------+-----+--------+
         Total |   2071 |   2030 |     41 |    676 |    917 |   4 |  517.8 |
       Dungeon |   1625 |   1591 |     34 |    495 |    677 |   3 |  541.7 |
        Temple |    446 |    439 |      7 |    181 |    240 |   1 |  446.0 |
               +--------+--------+--------+--------+--------+-----+--------+

Top non-repeatable levels by time:
     D:1: 949 daAuts
  Temple: 446 daAuts
     D:4: 365 daAuts
     D:2: 310 daAuts
